Map: Catalyst LE

Players

DeMusliM

  • Race: Terran Terran
  • League: Master
  • Spawn Location: 11:00

Beastyqt - Winner!

  • Race: Terran Terran
  • League: Master
  • Spawn Location: 5:00

VOD

https://www.youtube.com/watch?v=3ims7Uk-Sc0

Description

Time

  • Played on: Nov. 17, 2017, 5:39 p.m.
  • Length: 15:12
Show
View Real Time Build Order
Export as new Build Order

DeMusliM Terran 

Build Orders: Cyclone Opening, Gas First Reaper Expand, Reaper Expand, MMM Bio 

Get SALT Encoding   

  12  0:00  SCV  
  13  0:12  SCV  
  14  0:18  Supply Depot  
  14  0:25  SCV  
  15  0:28  Refinery  
  15  0:39  SCV  
  16  0:45  Barracks  
  16  0:51  SCV  
  17  1:04  SCV  
  18  1:16  SCV  
  19  1:34  Orbital Command  
  19  1:35  Reaper  
  20  1:57  Command Center  
  20  2:00  Factory  
  20  2:02  SCV  
  20  2:07  Reaper  
  22  2:13  Supply Depot  
  22  2:18  SCV  
  22  2:21  Refinery  
  23  2:35  SCV  
  24  2:44  Cyclone  
  24  2:47  SCV  
  28  2:54  Barracks Reactor  
  28  2:59  SCV  
  29  3:11  SCV  
  30  3:26  Command Center, Orbital Command  
  28  3:30  Cyclone  
  28  3:32  SCV  
  32  3:38  Marine x2  
  34  3:44  SCV  
  35  3:52  SCV  
  36  3:56  Marine x2  
  36  4:00  SCV  
  36  4:02  Bunker  
  39  4:03  Factory Tech Lab  
  39  4:04  SCV  
  40  4:12  SCV  
  40  4:14  Marine x2  
  40  4:16  SCV  
  44  4:20  Engineering Bay  
  44  4:21  Engineering Bay  
  45  4:24  SCV  
  45  4:28  SCV  
  46  4:38  Siege Tank, Orbital Command  
  49  4:39  SCV  
  49  4:41  SCV  
  51  4:46  Barracks Tech Lab  
  51  4:47  Terran Infantry Weapons Level 1, Terran Infantry Armor Level 1  
  51  4:51  SCV  
  52  4:53  SCV  
  53  5:02  Starport, Refinery  
  53  5:03  SCV  
  53  5:04  Refinery  
  53  5:05  SCV  
  53  5:06  Supply Depot  
  55  5:12  SCV  
  56  5:15  SCV  
  56  5:17  SCV, Marine  
  56  5:19  Stimpack  
  59  5:24  SCV  
  59  5:28  Supply Depot, SCV  
  61  5:29  SCV  
  62  5:36  Orbital Command, Marine  
  62  5:40  SCV  
  62  5:41  SCV  
  62  5:42  Starport Reactor  
  65  5:44  Barracks  
  65  5:46  Barracks  
  65  5:47  Siege Tank  
  68  5:51  Supply Depot  
  68  5:52  SCV  
  50  6:12  Marine  
  50  6:14  SCV x2  
  50  6:16  Armory  
  53  6:23  SCV  
  50  6:27  Starport Reactor  
  50  6:28  SCV x2  
  50  6:37  SCV  
  51  6:40  SCV  
  51  6:43  Marine x2  
  51  6:45  SCV  
  55  6:49  SCV  
  55  6:52  SCV  
  54  6:58  Marine x3  
  54  7:00  SCV  
  59  7:04  SCV  
  59  7:07  Marine x2  
  59  7:08  Medivac x2  
  66  7:09  Siege Tank  
  66  7:12  SCV x2  
  68  7:16  SCV  
  68  7:17  Marine x3  
  72  7:24  Supply Depot, SCV x2  
  72  7:25  Marine x2  
  72  7:27  Terran Infantry Weapons Level 2  
  72  7:28  SCV  
  77  7:31  Terran Infantry Armor Level 2  
  77  7:35  Marine x2  
  77  7:36  SCV  
  80  7:37  Supply Depot  
  80  7:41  SCV x2  
  82  7:45  Terran Vehicle Weapons Level 1, Supply Depot  
  82  7:46  Supply Depot  
  82  7:50  Marine x3  
  85  7:53  Marine  
  83  7:59  Marine  
  83  8:02  SCV  
  83  8:03  SCV  
  83  8:05  Medivac x2  
  85  8:06  Siege Tank  
  85  8:07  Marine  
  85  8:09  SCV  
  92  8:14  SCV  
  92  8:15  SCV  
  92  8:18  Combat Shields, Marine x3  
  97  8:21  SCV  
  97  8:22  Supply Depot  
  97  8:23  Bunker  
  97  8:25  Starport  
  94  8:29  SCV x2  
  94  8:34  Marine x2  
  97  8:39  Siege Tank, Medivac  
  97  8:40  Medivac  
  97  8:41  Marine  
  104  8:44  SCV x2  
  107  8:55  Fusion Core  
  107  9:03  Supply Depot, SCV  
  107  9:04  SCV x2  
  107  9:07  Supply Depot  
  107  9:08  Starport Tech Lab  
  110  9:11  Medivac  
  110  9:12  Medivac  
  110  9:15  SCV  
  110  9:16  SCV x2  
  117  9:28  SCV  
  118  9:31  Marine x2  
  118  9:32  Marine x2  
  118  9:33  Marine  
  118  9:37  SCV x2  
  125  9:39  Refinery  
  125  9:40  SCV, Refinery  
  125  9:42  Supply Depot  
  125  9:44  Starport  
  126  9:49  SCV, Marine  
  126  9:51  Viking x3  
  126  9:52  Terran Ship Weapons Level 1  
  128  9:54  SCV x2  
  130  10:00  Supply Depot  
  130  10:07  Barracks  
  130  10:11  Barracks  
  130  10:14  Missile Turret  
  130  10:17  Terran Infantry Weapons Level 3  
  130  10:19  Command Center  
  130  10:20  Starport Reactor  
  130  10:34  Viking x3  
  130  10:35  Sensor Tower  
  136  10:43  SCV x3  
  135  11:00  SCV x3  
  135  11:02  Missile Turret  
  136  11:08  Siege Tank, Viking x2  
  136  11:09  Viking x3  
  149  11:12  SCV x2  
  149  11:15  Missile Turret  
  149  11:17  Barracks Tech Lab x2  
  151  11:19  Terran Infantry Armor Level 3  
  151  11:26  Supply Depot  
  149  11:37  Planetary Fortress  
  149  11:38  Viking x2  
  153  11:44  Siege Tank  
  153  11:47  SCV x3  
  154  11:55  Liberator  
  154  11:56  Viking x2  
  154  11:59  Viking, SCV  
  154  12:00  SCV x2  
  163  12:04  Refinery  
  163  12:05  Refinery  
  163  12:10  Marine  
  163  12:11  Marine x2  
  169  12:15  Liberator  
  169  12:22  Supply Depot, Sensor Tower  
  169  12:23  Supply Depot  
  169  12:33  Terran Ship Weapons Level 2  
  169  12:37  Marine x3  
  169  12:38  Marauder  
  169  12:39  Marauder  
  169  12:43  Marine  
  177  12:44  Marauder  
  177  12:45  Viking  
  177  12:49  SCV x3  
  182  12:55  Missile Turret x2  
  182  12:58  Missile Turret  
  182  13:04  Siege Tank  
  182  13:05  Viking x2  
  187  13:08  Supply Depot  
  189  13:14  Concussive Shells  
  189  13:21  Marine, Marauder  
  189  13:22  Command Center, Missile Turret  
  189  13:25  Marine, Marauder  
  192  13:42  Liberator  
  182  13:49  Viking  
  182  13:50  Viking x3  
  182  13:53  Marine x4, Marauder  
  177  14:01  Marine, Marauder  
  177  14:02  Liberator  
  148  14:07  Liberator x2  
  138  14:10  Marine  
  138  14:11  Marine x2  
  138  14:14  Marauder  
  137  14:19  Marauder  
  137  14:20  SCV x2  
  137  14:22  Marine  
  137  14:23  Marauder  
  144  14:28  SCV x2  
  152  14:32  SCV  
  153  14:43  Marine, Marauder  
Show
View Real Time Build Order
Export as new Build Order

Beastyqt Terran - Winner!

Build Orders: Gas First Reaper Expand, Hellion Opening, Reaper Expand, Mech 

Get SALT Encoding   

  12  0:02  SCV  
  13  0:14  SCV  
  13  0:19  Supply Depot  
  14  0:26  SCV  
  15  0:32  Refinery  
  15  0:41  SCV  
  16  0:47  Barracks  
  16  0:53  SCV  
  17  1:05  SCV  
  18  1:17  SCV  
  19  1:34  Reaper, Orbital Command  
  20  1:52  Command Center  
  20  2:01  SCV  
  21  2:03  Factory  
  21  2:08  Barracks Reactor  
  21  2:13  SCV  
  22  2:20  Supply Depot  
  22  2:25  SCV  
  22  2:28  Refinery  
  23  2:42  SCV  
  24  2:49  Starport  
  24  2:55  SCV  
  24  2:56  Hellion x2  
  29  3:04  Orbital Command  
  29  3:08  SCV  
  29  3:21  SCV  
  29  3:23  Hellion  
  29  3:25  Viking, Barracks Tech Lab  
  33  3:29  SCV  
  33  3:33  Hellion  
  36  3:35  SCV  
  37  3:41  Supply Depot, SCV  
  37  3:46  Hellion  
  40  3:51  SCV  
  41  3:57  Hellion  
  41  3:58  SCV  
  41  4:02  Supply Depot, Raven  
  44  4:06  SCV  
  44  4:08  Hellion  
  49  4:10  SCV  
  49  4:15  Supply Depot  
  50  4:18  SCV  
  50  4:22  SCV  
  55  4:24  Cyclone  
  55  4:29  Cyclone  
  55  4:31  SCV  
  59  4:37  Liberator, Supply Depot, SCV  
  60  4:43  SCV  
  61  4:49  SCV  
  62  4:52  Command Center  
  62  4:59  Hellion  
  67  5:00  SCV  
  67  5:03  SCV, Hellion  
  71  5:08  Supply Depot  
  71  5:10  Barracks Reactor  
  71  5:12  SCV  
  72  5:16  SCV, Refinery x2  
  73  5:25  SCV  
  73  5:26  Hellion  
  73  5:27  Factory  
  76  5:29  Hellion  
  78  5:36  SCV  
  78  5:38  Factory  
  78  5:40  Starport Tech Lab  
  80  5:42  SCV  
  80  5:48  Supply Depot, SCV  
  81  5:56  SCV  
  82  6:00  SCV  
  75  6:08  SCV  
  75  6:10  Hellion x2  
  74  6:12  Orbital Command  
  74  6:13  SCV  
  74  6:18  Armory  
  74  6:20  SCV  
  74  6:21  Armory  
  75  6:26  SCV  
  75  6:30  Siege Tank x2  
  75  6:32  SCV  
  83  6:36  Engineering Bay  
  83  6:38  SCV  
  83  6:39  SCV  
  85  6:42  Hellion x2  
  85  6:44  SCV  
  87  6:48  Supply Depot  
  87  6:50  Viking  
  87  6:51  SCV  
  87  6:53  SCV  
  87  6:56  SCV  
  87  6:59  Viking, Refinery x2  
  86  7:03  SCV  
  87  7:10  Siege Tank x2, Hellion  
  87  7:11  Hellion  
  87  7:13  Supply Depot  
  87  7:14  SCV  
  87  7:15  SCV  
  99  7:22  SCV  
  100  7:27  SCV  
  100  7:28  SCV  
  102  7:30  Terran Vehicle Weapons Level 1, Supply Depot, Terran Vehicle And Ship Armor Level 1  
  102  7:33  Supply Depot  
  102  7:38  SCV  
  102  7:41  Viking x2  
  102  7:42  SCV, Hellion x2  
  112  7:45  Supply Depot  
  112  7:49  SCV  
  113  7:51  Siege Tank  
  113  7:56  Siege Tank  
  112  8:06  Factory  
  112  8:07  Factory  
  109  8:13  Hellion x2  
  109  8:15  Sensor Tower  
  109  8:16  Sensor Tower  
  109  8:17  Viking x2  
  117  8:29  Siege Tank, Hellion  
  122  8:37  Infernal Pre-Igniter, Hellion x2  
  124  8:52  Command Center  
  124  8:53  Viking x2  
  126  8:56  Siege Tank, Factory Tech Lab  
  126  8:57  Factory Reactor  
  129  9:07  Supply Depot x2  
  129  9:08  Supply Depot  
  129  9:10  Missile Turret  
  129  9:11  Missile Turret  
  129  9:14  Hellion  
  129  9:15  Hellion  
  129  9:16  Missile Turret x2  
  133  9:21  Siege Tank x2  
  133  9:23  Liberator x2  
  137  9:32  Missile Turret  
  137  9:34  Missile Turret  
  137  9:36  Missile Turret  
  137  9:37  Missile Turret  
  137  9:41  Siege Tank  
  137  9:42  Hellion x2  
  137  9:43  Hellion x2  
  154  9:53  Hellion  
  154  9:59  Missile Turret  
  156  10:00  Missile Turret x3  
  156  10:02  Hellion  
  156  10:03  Planetary Fortress  
  156  10:06  Missile Turret  
  158  10:14  Sensor Tower  
  158  10:15  Thor  
  158  10:17  SCV x2  
  158  10:19  Terran Vehicle Weapons Level 2  
  166  10:26  Siege Tank  
  169  10:31  SCV  
  169  10:32  Refinery x2  
  169  10:33  Supply Depot, Hi-Sec Auto Tracking  
  170  10:36  Hellion x2  
  172  10:54  Viking x2  
  172  10:56  SCV x3  
  167  11:02  Terran Vehicle And Ship Armor Level 2  
  167  11:05  Command Center  
  167  11:08  Thor  
  167  11:09  Thor  
  167  11:11  Hellion x2  
  180  11:26  Starport  
  180  11:27  Starport  
  180  11:33  Viking x2  
  180  11:35  Hellion x2  
  188  11:44  Thor  
  194  11:48  Supply Depot  
  194  11:49  Supply Depot  
  191  11:56  Command Center  
  191  12:00  Building Armor  
  191  12:03  Hellion x2  
  195  12:10  Hellion  
  195  12:14  Starport Tech Lab  
  195  12:15  Starport Tech Lab  
  197  12:20  Command Center  
  195  12:33  Missile Turret  
  195  12:34  Corvid Reactor  
  195  12:35  Missile Turret, Enhanced Munitions  
  193  12:37  Raven x2  
  193  12:38  Planetary Fortress, Missile Turret  
  187  12:46  Hellion x8  
  187  12:48  Smart Servos  
  187  12:52  Drilling Claws  
  187  12:56  SCV x2  
  189  12:58  Refinery  
  189  13:01  Refinery  
  189  13:15  Thor  
  189  13:17  Siege Tank  
  198  13:23  Command Center  
  198  13:27  Command Center  
  198  13:32  Missile Turret  
  198  13:33  Missile Turret x2  
  196  13:36  Missile Turret  
  192  13:51  Hellion x3  
  192  13:55  Siege Tank x2  
  182  13:58  Siege Tank  
  182  13:59  Hellion  
  167  14:07  Hellion x3  
  162  14:17  SCV x2  
  159  14:27  Raven x2  
  159  14:30  Hellion x2  
  156  14:51  Command Center  
Tags
 
Add a new tag
Caveats
  • Supply blocks, unpowered buildings, or Contaminate may cause inaccurate times.
  • Supply counts are checked every 10 seconds.